Map: Forteresse de fer EC

Players

fortheswarm

  • Race: Zerg Zerg
  • League: Grandmaster

AgCl - Winner!

  • Race: Protoss Protoss
  • League: Grandmaster

VOD

Have the link to the VOD?

Description

Time

  • Played on: June 5, 2015, 9:49 p.m.
  • Length: 13:49
Show
View Real Time Build Order
Export as new Build Order

fortheswarm Zerg 

Build Orders: Hatch First 

Get SALT Encoding   

  12  0:02  Drone  
  13  0:13  Drone  
  14  0:17  Overlord  
  14  0:37  Drone x3  
  17  0:55  Hatchery  
  16  1:10  Spawning Pool  
  15  1:11  Drone  
  15  1:15  Drone  
  17  1:18  Drone  
  17  1:22  Extractor  
  17  1:24  Drone  
  18  1:33  Drone  
  19  1:43  Overlord  
  19  1:59  Hatchery  
  18  2:02  Drone  
  19  2:10  Drone x2  
  21  2:16  Drone  
  21  2:17  Drone  
  23  2:26  Drone, Extractor  
  23  2:28  Drone  
  23  2:40  Zergling x4  
  23  2:42  Spine Crawler  
  24  2:45  Spine Crawler  
  24  2:47  Spine Crawler  
  24  2:48  Drone  
  24  2:51  Drone  
  23  3:11  Zergling x4  
  24  3:19  Queen x2  
  28  3:32  Drone x2  
  28  3:33  Spine Crawler  
  29  3:35  Spine Crawler  
  28  3:42  Overlord  
  28  3:48  Drone x3  
  31  4:07  Drone x4  
  34  4:19  Spore Crawler  
  34  4:23  Spore Crawler  
  31  4:26  Drone x4  
  31  4:29  Lair  
  34  4:57  Zergling x14  
  34  4:58  Zergling x2  
  42  5:00  Metabolic Boost  
  42  5:05  Roach Warren  
  41  5:19  Queen  
  43  5:23  Zergling x2  
  43  5:25  Overlord x2  
  44  5:31  Overlord  
  44  5:34  Overlord  
  44  5:52  Zergling x4  
  44  5:53  Zergling x12  
  44  5:54  Zergling x2  
  44  5:55  Queen  
  55  5:58  Drone  
  55  5:59  Drone  
  57  6:07  Glial Reconstitution  
  57  6:11  Drone x3  
  60  6:14  Drone x2  
  55  6:47  Spire  
  49  6:50  Spore Crawler  
  49  6:52  Spore Crawler  
  49  6:53  Drone x2  
  49  6:54  Drone x4  
  50  6:55  Spore Crawler, Drone x3  
  50  6:56  Drone x3  
  54  7:14  Extractor  
  53  7:16  Extractor  
  52  7:34  Roach x2  
  52  7:35  Roach x3  
  62  7:45  Roach  
  62  7:46  Roach  
  62  7:47  Hatchery, Overlord  
  62  7:51  Hatchery  
  64  8:06  Ravager  
  64  8:07  Ravager x4  
  64  8:09  Overlord x2  
  69  8:28  Corruptor x4, Ravager  
  78  8:35  Ravager  
  79  9:08  Roach  
  79  9:09  Roach x7  
  79  9:38  Ravager  
  79  9:39  Ravager x2  
  82  9:51  Drone  
  82  9:52  Drone x4  
  87  9:55  Overlord x2  
  87  9:56  Overlord x3  
  87  10:15  Corruptor x2  
  87  10:16  Corruptor  
  87  10:18  Corruptor  
  95  10:23  Drone x4  
  95  10:24  Drone x2  
  73  11:17  Hydralisk Den  
  48  11:33  Drone x6  
  48  11:34  Queen x2  
  57  11:41  Spawning Pool  
  57  11:46  Hydralisk  
  57  11:47  Hydralisk x7  
  58  11:48  Hydralisk  
  58  11:51  Hydralisk  
  57  12:22  Hydralisk  
  57  12:23  Hydralisk x3  
  47  12:37  Hydralisk x2  
  41  12:54  Spore Crawler, Spine Crawler  
  37  13:12  Hydralisk  
  35  13:20  Drone x3  
  34  13:39  Spawning Pool  
Show
View Real Time Build Order
Export as new Build Order

AgCl Protoss - Winner!

Build Orders: Oracle Opening, Oracle Opening, Carrier Rush 

Get SALT Encoding   

  12  0:02  Probe  
  13  0:14  Probe  
  14  0:25  Pylon, Assimilator  
  14  0:43  Probe (Chrono Boost)  
  14  0:47  Gateway  
  15  0:55  Probe (Chrono Boost)  
  16  1:02  Probe (Chrono Boost)  
  17  1:11  Pylon  
  18  1:12  Probe (Chrono Boost)  
  18  1:20  Probe (Chrono Boost)  
  19  1:29  Probe  
  20  1:34  Zealot (Chrono Boost)  
  20  1:39  Cybernetics Core  
  22  1:41  Probe  
  22  1:46  Assimilator  
  23  1:53  Probe  
  24  2:03  Zealot (Chrono Boost)  
  24  2:06  Probe  
  27  2:20  Stargate  
  27  2:25  Mothership Core  
  29  2:44  Warp Gate  
  29  2:46  Probe  
  29  2:48  Nexus  
  30  3:10  Pylon  
  28  3:27  Pylon, Oracle (Chrono Boost)  
  28  3:32  Pylon  
  28  3:33  Probe  
  30  3:41  Fleet Beacon  
  30  3:45  Probe  
  31  3:56  Assimilator  
  31  3:57  Probe  
  31  4:00  Probe (Chrono Boost)  
  33  4:09  Probe (Chrono Boost)  
  35  4:18  Probe (Chrono Boost)  
  32  4:35  Probe (Chrono Boost)  
  32  4:36  Probe (Chrono Boost)  
  32  4:37  Carrier (Chrono Boost)  
  33  4:46  Probe  
  33  4:47  Probe  
  38  5:03  Nexus  
  38  5:04  Probe (Chrono Boost)  
  40  5:07  Probe (Chrono Boost)  
  41  5:14  Probe (Chrono Boost)  
  41  5:17  Probe (Chrono Boost)  
  41  5:18  Assimilator  
  42  5:25  Probe (Chrono Boost)  
  42  5:26  Probe (Chrono Boost)  
  44  5:30  Graviton Catapult  
  46  5:36  Probe (Chrono Boost)  
  46  5:37  Probe (Chrono Boost)  
  46  5:43  Probe  
  46  5:46  Probe  
  46  5:48  Carrier (Chrono Boost)  
  48  5:54  Pylon  
  54  6:07  Probe (Chrono Boost)  
  54  6:10  Stalker, Pylon  
  57  6:16  Probe (Chrono Boost)  
  57  6:17  Probe (Chrono Boost)  
  60  6:24  Probe (Chrono Boost)  
  61  6:27  Probe x2 (Chrono Boost)  
  61  6:30  Probe  
  63  6:36  Probe  
  63  6:37  Probe  
  65  6:40  Carrier (Chrono Boost)  
  65  6:42  Probe, Adept, Assimilator  
  66  6:48  Probe  
  63  7:00  Probe (Chrono Boost)  
  70  7:03  Probe (Chrono Boost)  
  72  7:12  Probe (Chrono Boost)  
  72  7:14  Probe (Chrono Boost)  
  73  7:21  Probe x3  
  73  7:22  Assimilator  
  76  7:26  Forge  
  76  7:32  Pylon  
  76  7:33  Probe (Chrono Boost)  
  76  7:34  Carrier (Chrono Boost)  
  76  7:35  Probe (Chrono Boost)  
  79  7:37  Probe (Chrono Boost)  
  81  7:45  Probe (Chrono Boost)  
  81  7:46  Probe (Chrono Boost)  
  81  7:50  Probe (Chrono Boost)  
  82  7:51  Twilight Council  
  82  7:53  Probe x2 (Chrono Boost)  
  90  8:03  Probe (Chrono Boost)  
  93  8:06  Probe (Chrono Boost)  
  93  8:09  Probe (Chrono Boost)  
  93  8:11  Probe (Chrono Boost), Protoss Ground Weapons Level 1 (Chrono Boost)  
  93  8:12  Stargate  
  93  8:15  Pylon  
  93  8:17  Probe  
  94  8:24  Pylon  
  94  8:27  Photon Cannon  
  94  8:28  Protoss Air Weapons Level 1  
  97  8:35  Probe (Chrono Boost)  
  97  8:37  Probe x2 (Chrono Boost)  
  97  8:44  Photon Cannon  
  97  8:45  Probe x2 (Chrono Boost), Carrier (Chrono Boost)  
  97  8:48  Phoenix (Chrono Boost)  
  101  8:53  Robotics Facility  
  101  8:54  Pylon  
  103  9:38  Void Ray (Chrono Boost)  
  103  9:41  Nexus, Observer (Chrono Boost)  
  103  9:43  Assimilator  
  103  9:45  Pylon, Assimilator  
  108  9:47  Charge  
  108  9:48  Templar Archives  
  108  9:50  Pylon x2  
  108  9:52  Photon Cannon  
  108  9:53  Void Ray (Chrono Boost)  
  108  9:54  Dark Shrine  
  108  9:55  Observer (Chrono Boost)  
  108  9:56  Pylon  
  113  10:12  Stargate  
  113  10:13  Protoss Ground Weapons Level 2 (Chrono Boost)  
  113  10:14  Pylon  
  117  10:16  Psionic Storm  
  117  10:18  Void Ray (Chrono Boost)  
  117  10:19  Protoss Air Weapons Level 2  
  117  10:35  Void Ray (Chrono Boost)  
  121  10:54  Carrier x3 (Chrono Boost)  
  132  11:28  Blink  
  132  11:39  Observer  
  129  11:53  Carrier (Chrono Boost)  
  129  11:54  Carrier x2 (Chrono Boost)  
  131  12:23  Dark Templar  
  133  12:30  Probe  
  133  12:34  Gateway x2  
  133  12:36  Gateway  
  134  12:37  Gateway  
  134  12:39  Pylon  
  134  13:03  Dark Templar  
  150  13:23  Gateway  
  150  13:25  Observer  
  150  13:30  Pylon  
  150  13:32  Pylon  
Tags
 
Add a new tag
Caveats
  • Supply blocks, unpowered buildings, or Contaminate may cause inaccurate times.
  • Supply counts are checked every 10 seconds.